Construct Medical Station
Construct Weapon Support Center
Selects M2HB .50cal Heavy Machine Gun
Selects Exchangeable Parts
Selects M2HB .50cal Heavy Machine Gun
Selects Bolstered Team Weapons
Selects Black Dragon Artillery Barrage
Black Dragon Artillery Barrage
M1918 Browning Automatic Rifles
Black Dragon Artillery Barrage
Black Dragon Artillery Barrage
Selects M26 Pershing Heavy Tank
Black Dragon Artillery Barrage